 Dungeon Crawl Stone Soup version 0.16-a0-4023-g001212b (webtiles) character file.

63133 PolkaDot the Maledictor (level 14, 0/85 HPs)
             Began as a Vampire Enchanter on Feb 18, 2015.
             Was the Champion of Ashenzari.
             Slain by a giant leech (23 damage)
             ... on level 8 of the Lair of Beasts.
             The game lasted 01:42:50 (28228 turns).

PolkaDot the Maledictor (Vampire Enchanter)        Turns: 28228, Time: 01:42:50

Health: 0/85       AC: 17    Str:  7    XL:     14   Next: 66%
Magic:  11/20      EV: 17    Int: 21    God:    Ashenzari [******]
Gold:   1370       SH:  5    Dex: 14    Spells: 7 memorised, 2 levels left

rFire  + . .     SeeInvis +     o - +2 rapier (venom) (curse)
rCold  + . .     Clarity  +     w - +4 troll leather armour (curse)
rNeg   + + .     SustAb   .     j - +0 buckler (curse)
rPois  +         Gourm    .     M - +1 helmet (curse)
rElec  .         Spirit   .     t - +0 cloak (curse)
rCorr  .         Warding  .     (no gloves)
rMut   .         Stasis   .     d - +1 pair of boots (curse)
MR     +....                    l - amulet of regeneration (curse)
Stlth  +++++++++.               V - +4 ring of protection (curse)
                                i - ring of protection from fire (curse)

@: very slightly contaminated, regenerating slowly, somewhat resistant to
hostile enchantments, incredibly stealthy
A: bottle blood, fangs 3, see invisible, unbreathing
a: Bat Form, Scrying, Transfer Knowledge, Renounce Religion


You were on level 8 of the Lair of Beasts.
You worshipped Ashenzari.
Ashenzari was exalted by your worship.
You were very thirsty.

You visited 3 branches of the dungeon, and saw 24 of its levels.
You also visited: Sewer.

You collected 1475 gold pieces.
You spent 105 gold pieces at shops.

Inventory:

Hand weapons
 o - a cursed +2 rapier of venom (weapon)
Armour
 d - a cursed +1 pair of boots (worn)
 j - a cursed +0 buckler (worn)
 t - a cursed +0 cloak (worn)
 w - a cursed +4 troll leather armour (worn)
 M - a cursed +1 helmet (worn)
Jewellery
 i - a cursed ring of protection from fire (left hand)
 l - a cursed amulet of regeneration (around neck)
 V - a cursed +4 ring of protection (right hand)
Magical devices
 n - a wand of lightning (3)
 p - a wand of disintegration (11)
 r - a wand of teleportation (9)
 E - a wand of slowing (16)
 K - a wand of teleportation (5)
 X - a wand of fireball (4)
Scrolls
 a - 2 scrolls of curse jewellery
 b - 11 scrolls of fog
 c - a scroll of torment
 e - 7 scrolls of teleportation
 f - 4 scrolls of remove curse
 s - a scroll of enchant armour
 u - 4 scrolls of recharging
 v - 7 scrolls of magic mapping
 y - 2 scrolls of amnesia
 z - 2 scrolls of curse armour
 A - 3 scrolls of curse weapon
 B - 2 scrolls of immolation
 D - 10 scrolls of identify
 J - a scroll of silence
 Q - a scroll of blinking
 R - 3 scrolls of vulnerability
Potions
 g - 6 potions of brilliance
 h - 18 potions of curing
 k - 35 potions of blood {@*1}
 q - 3 potions of flight
 x - 4 potions of restore abilities
 C - 2 potions of cancellation
 L - a potion of haste
 S - a potion of magic
Books
 F - a Young Poisoner's Handbook

   Spells                             Type                      Level
   a - Sting                          Conjuration/Poison           1
   b - Cure Poison                    Poison                       2
   c - Mephitic Cloud                 Conjuration/Poison/Air       3
   d - Olgreb's Toxic Radiance        Poison                       4
   e - Venom Bolt                     Conjuration/Poison           5
 G - a book of Air

   Spells                             Type                      Level
   a - Shock                          Conjuration/Air              1
   b - Swiftness                      Charms/Air                   2
   c - Repel Missiles                 Charms/Air                   2
   d - Flight                         Charms/Air                   3
   e - Static Discharge               Conjuration/Air              3
   f - Lightning Bolt                 Conjuration/Air              5
 H - a book of Battle

   Spells                             Type                      Level
   a - Infusion                       Charms                       1
   b - Shroud of Golubria             Charms/Translocation         2
   c - Song of Slaying                Charms                       2
   d - Spectral Weapon                Hexes/Charms                 3
   e - Regeneration                   Charms/Necromancy            3


   Skills:
 - Level 11.0(15.2) Short Blades
 - Level 3.0 Armour
 + Level 7.3(10.4) Dodging
 + Level 18.7(21.0) Stealth
 - Level 3.7(6.4) Shields
 - Level 2.0 Spellcasting
 * Level 23.6(26.9) Hexes
 - Level 1.0(3.5) Ice Magic


You had 2 spell levels left.
You knew the following spells:

 Your Spells              Type           Power        Failure   Level  Hunger
a - Corona                Hex            #######      0%          1    #......
b - Sure Blade            Hex/Chrm       ######....   1%          2    ##.....
c - Confuse               Hex            #######.     0%          3    ###....
d - Ensorcelled Hibernat  Hex/Ice        ######       1%          2    ##.....
e - Enslavement           Hex            #######.     0%          4    #####..
q - Blink                 Tloc           N/A          28%         2    ##.....
A - Apportation           Tloc           #.........   17%         1    #......


Dungeon Overview and Level Annotations

Branches:
Dungeon (15/15)            Temple (1/1) D:6            Lair (8/8) D:11
  Swamp (0/5) Lair:4       Spider (0/5) Lair:3        Slime (0/6) Lair:6
    Orc (0/4) D:11         Vaults (0/5) D:13         Depths (0/5) D:15

Altars:
Ashenzari
Cheibriados
Dithmenos
Elyvilon
Fedhas
Gozag
Kikubaaqudgha
Makhleb
Nemelex Xobeh
Okawaru
Qazlal
Ru
Sif Muna
Trog
Vehumet
Xom
Yredelemnul
Zin
The Shining One
Jiyva

Shops:
D:12 (   D:15 *

Annotations:
D:3 1 runed door, hornqvist's ghost, average SpAs


Innate Abilities, Weirdness & Mutations

You heal slowly.
You can bottle blood from corpses.
You have razor-sharp teeth.
You have supernaturally acute eyesight.
You can survive without breathing.


Message History

Your giant leech closely misses the black mamba.
The black mamba bites your giant leech!
Your giant leech is poisoned.
The black mamba poisons your giant leech!
The black mamba misses your giant leech.
Your giant leech bites the hippogriff!
Your giant leech draws strength from the hippogriff's injuries!
The black mamba misses your giant leech.
The hippogriff bites your giant leech.
The hippogriff pecks your giant leech but does no damage.
The hippogriff barely misses your giant leech.
The black mamba bites your giant leech.
The black mamba closely misses your giant leech.
The hippogriff completely misses your giant leech.
The hippogriff misses your giant leech.
The hippogriff closely misses your giant leech.
Your giant leech completely misses the black mamba.
The black mamba barely misses your giant leech.
The giant leech is no longer charmed.
The giant leech bites you!!
You die...

** , ,,,., ,,,, ≈ , ,..
,,....., , ≈ ,,....
........, ≈ ≈≈≈≈ * ..!..
........≈ ≈ ≈≈≈≈ ......
........≈≈≈≈≈≈≈≈
,..P...##. ....P≈≈≈≈≈≈≈≈≈
*
..P.....###....P≈≈≈≈≈≈≈≈
##.....H........≈≈≈≈≈≈≈P≈
#......w@.PP...≈.≈≈≈≈≈≈≈≈
#......S.......wP;≈≈≈P≈≈P
#P..#P.....##....≈≈≈≈≈≈≈≈
#P.......##.....≈≈≈≈≈≈≈P
*
..P#.....##.....≈P≈≈≈≈≈≈
....#....#......≈≈≈P≈PPP
,.PP............≈≈≈≈≈≈≈≈
* ,
...............≈≈≈P≈≈. *
,, ...............≈≈≈≈≈≈


You could see a giant leech, a black mamba, a hippogriff and a friendly giant
leech.

Vanquished Creatures
  Snorg (Lair:7)
  A yaktaur captain (D:15)
  Josephine (D:10)
  The ghost of Antondotnet the Blocker, a powerful DDFi of Gozag (Lair:3)
  Fannar (Lair:3)
  4 hydras
  3 centaur warriors
  An ogre mage (D:13)
  The ghost of Chiseanne the Nimble, a powerful HaCK of Xom (D:11)
  Nergalle (D:11)
  5 hill giants
  6 ugly things
  2 griffons
  A cyclops (D:13)
  A wolf spider (Lair:3)
  A manticore (D:11)
  Maurice (D:13)
  Joseph (Lair:1)
  A black mamba (Lair:8)
  A gargoyle (D:14)
  13 spiny frogs
  3 centaur skeletons
  6 komodo dragons
  A yaktaur (D:15)
  2 polar bears
  2 giant leeches (Lair:8)
  A jumping spider (Lair:3)
  Grinder (D:4)
  9 blink frogs
  A boulder beetle (Lair:6)
  2 trolls
  A spriggan (Lair:3)
  2 two-headed ogres (D:12)
  A slime creature (D:14)
  A raiju (shapeshifter) (D:14)
  A basilisk (Lair:5)
  5 wraiths (D:10)
  62 yaks
  4 wyverns
  2 deep elf magi
  8 vampire mosquitoes
  2 water elementals (D:14)
  Grum (D:11)
  2 steam dragons
  12 hippogriffs
  5 hungry ghosts
  22 wolves
  8 porcupines
  11 water moccasins
  A spider (Lair:3)
  2 ice beasts
  6 phantoms
  6 black bears
  A necrophage (D:8)
  5 orc warriors
  7 centaurs
  An eye of draining (D:13)
  A brain worm (D:14)
  11 crocodiles
  9 ogres
  Sigmund (D:6)
  Duvessa (D:6)
  6 big kobolds
  22 giant frogs
  Blork the orc (D:4)
  2 troll zombies (D:11)
  12 scorpions
  4 wights
  4 electric eels
  10 jellies
  Dowan (D:6)
  5 goliath beetles
  7 crimson imps
  A quasit (D:10)
  A centaur zombie (D:4)
  2 giant frog skeletons
  A giant frog zombie (D:8)
  A gnoll shaman (D:4)
  11 orc priests
  15 orc wizards
  15 hounds
  13 iguanas
  12 worker ants
  A killer bee zombie (D:7)
  Ijyb (D:6)
  Jessica (D:3)
  4 ogre zombies (D:11)
  27 sheep
  A worker ant zombie (D:6)
  10 gnolls
  24 adders
  78 river rats
  3 shadow imps
  2 giant mites
  3 worms
  An adder zombie (D:10)
  An adder skeleton (D:5)
  8 giant geckos
  An ooze (D:1)
  53 orcs
  10 bats
  4 giant cockroaches
  11 goblins
  19 hobgoblins
  8 jackals
  13 quokkas
  6 ball pythons
  8 giant newts
  A goblin skeleton (D:11)
  A goblin zombie (D:11)
  A hobgoblin skeleton (D:11)
  A hobgoblin zombie (D:11)
  2 jackal skeletons (D:7)
  A jackal zombie (D:5)
  41 kobolds
  3 orc skeletons (D:11)
  13 orc zombies (D:11)
  A quokka zombie (D:5)
  35 rats
  A plant (D:11)
823 creatures vanquished.

Vanquished Creatures (collateral kills)
  A hydra (Lair:8)
  A centaur warrior (D:13)
  2 spiny frogs (Lair:8)
  An ugly thing (D:13)
  3 gargoyles
  A fire drake (Lair:8)
  A polar bear (Lair:3)
  A centaur (D:13)
  A giant leech (Lair:8)
  3 blink frogs (Lair:8)
  3 slime creatures (D:14)
  A vampire mosquito (Lair:8)
  2 electric eels (Lair:8)
  An orc warrior (D:13)
  A wasp (D:14)
  An ogre (D:13)
  A crocodile (Lair:8)
  2 giant frogs (Lair:8)
  A wyvern skeleton (D:13)
  A wight (D:14)
  2 orcs (D:13)
31 creatures vanquished.

Vanquished Creatures (others)
  4 vault guards (D:13)
  5 spiny frogs
  A slime creature (D:14)
  A giant leech (Lair:8)
  An electric eel (Lair:8)
  2 wolves (Lair:3)
  A hippogriff (D:11)
  2 vampire mosquitoes (Lair:8)
  An ogre (D:13)
  A wight (D:14)
  2 orc wizards
  An orc (D:13)
  2 fungi (Lair:8)
  2 plants
26 creatures vanquished.

Grand Total: 880 creatures vanquished

Notes
Turn   | Place    | Note
--------------------------------------------------------------
     0 | D:1      | PolkaDot, the Vampire Enchanter, began the quest for the Orb.
     0 | D:1      | Reached XP level 1. HP: 13/13 MP: 3/3
   213 | D:1      | Reached skill level 5 in Hexes
   295 | D:1      | Reached XP level 2. HP: 7/19 MP: 4/4
   651 | D:1      | Learned a level 2 spell: Ensorcelled Hibernation
  1347 | D:1      | Reached skill level 1 in Ice Magic
  1475 | D:2      | Found a sacrificial altar of Ru.
  1491 | D:2      | Reached XP level 3. HP: 22/24 MP: 3/6
  1792 | D:2      | Learned a level 3 spell: Confuse
  2173 | D:2      | Reached skill level 6 in Hexes
  2310 | D:3      | Noticed Jessica
  2318 | D:3      | Killed Jessica
  2318 | D:3      | Reached skill level 5 in Stealth
  2318 | D:3      | Reached XP level 4. HP: 30/30 MP: 7/7
  2420 | D:3      | Found a glowing golden altar of the Shining One.
  2421 | D:3      | Found a runed door.
  2421 | D:3      | Noticed an angel
  2432 | D:3      | Reached skill level 1 in Shields
  2442 | D:3      | Noticed hornqvist's ghost (average SpAs)
  2867 | D:3      | Found a burning altar of Makhleb.
  2887 | D:3      | Noticed an orc warrior
  2922 | D:3      | Killed an orc warrior
  2922 | D:3      | Reached skill level 7 in Hexes
  2922 | D:3      | Reached XP level 5. HP: 35/35 MP: 3/9
  3377 | D:4      | Reached XP level 6. HP: 16/41 MP: 1/10
  3585 | D:4      | Found a glowing drain.
  3598 | Sewer    | Entered a sewer
  3732 | Sewer    | Reached skill level 8 in Hexes
  4294 | Sewer    | Reached XP level 7. HP: 46/46 MP: 4/12
  4968 | Sewer    | Learned a level 4 spell: Enslavement
  5127 | D:4      | Noticed Blork the orc
  5161 | D:4      | Killed Blork the orc
  5161 | D:4      | Reached skill level 9 in Hexes
  5724 | D:4      | Noticed Grinder
  5728 | D:4      | Noticed a troll
  5742 | D:4      | Killed a troll
  5742 | D:4      | Reached skill level 10 in Hexes
  5813 | D:4      | Killed Grinder
  5813 | D:4      | Reached skill level 5 in Short Blades
  5813 | D:4      | Reached XP level 8. HP: 52/52 MP: 9/13
  6691 | D:4      | Learned a level 1 spell: Apportation
  6724 | D:5      | Entered Level 5 of the Dungeon
  7254 | D:5      | Reached skill level 1 in Armour
  7363 | D:5      | Reached skill level 11 in Hexes
  8092 | D:5      | Reached skill level 12 in Hexes
  8129 | D:5      | Reached XP level 9. HP: 57/57 MP: 9/14
  8490 | D:6      | Noticed Duvessa
  8490 | D:6      | Noticed Dowan
  8497 | D:6      | Killed Duvessa
  8504 | D:6      | Killed Dowan
  8665 | D:6      | Noticed Ijyb
  8673 | D:6      | Killed Ijyb
  8805 | D:6      | Found a staircase to the Ecumenical Temple.
  8817 | Temple   | Entered the Ecumenical Temple
  8994 | Temple   | Became a worshipper of Ashenzari the Shackled
  9282 | D:6      | Reached skill level 10 in Stealth
  9420 | D:6      | Noticed Sigmund
  9427 | D:6      | Killed Sigmund
 10101 | D:7      | Reached skill level 13 in Hexes
 10727 | D:7      | Noticed a hill giant
 10744 | D:7      | Killed a hill giant
 10744 | D:7      | Reached skill level 14 in Hexes
 11193 | D:7      | Acquired Ashenzari's first power
 11433 | D:7      | Reached XP level 10. HP: 63/63 MP: 13/16
 11448 | D:7      | Learned a level 2 spell: Blink
 11837 | D:8      | Found an iron altar of Okawaru.
 12477 | D:9      | Reached skill level 15 in Hexes
 12685 | D:9      | Acquired Ashenzari's second power
 13356 | D:10     | Entered Level 10 of the Dungeon
 13629 | D:10     | Reached skill level 16 in Hexes
 13883 | D:10     | Noticed Josephine
 13909 | D:10     | Killed Josephine
 13909 | D:10     | Reached XP level 11. HP: 68/68 MP: 8/17
 14212 | D:10     | Reached skill level 17 in Hexes
 14550 | D:11     | Noticed Nergalle
 14556 | D:11     | Acquired Ashenzari's third power
 14557 | D:11     | Killed Nergalle
 14562 | D:11     | Found a staircase to the Lair.
 14599 | D:11     | Found a staircase to the Orcish Mines.
 15026 | D:11     | Noticed Chiseanne's ghost (powerful HaCK)
 15061 | D:11     | Killed Chiseanne's ghost
 15365 | D:11     | Reached skill level 18 in Hexes
 15448 | D:11     | Noticed a hill giant
 15464 | D:11     | Killed a hill giant
 15663 | D:11     | Noticed Grum
 15669 | D:11     | Killed Grum
 15960 | Lair:1   | Entered Level 1 of the Lair of Beasts
 15981 | D:12     | Found Ymuac's Weapon Boutique.
 16127 | D:12     | Reached XP level 12. HP: 74/74 MP: 18/18
 16582 | D:12     | Noticed a centaur warrior
 16590 | D:12     | Killed a centaur warrior
 16590 | D:12     | Reached skill level 10 in Short Blades
 16754 | D:12     | Reached skill level 19 in Hexes
 16792 | D:13     | Reached skill level 15 in Stealth
 16804 | D:13     | Acquired Ashenzari's fourth power
 16881 | D:13     | Noticed a centaur warrior
 16884 | D:13     | Found a gate to the Vaults.
 16884 | D:13     | Noticed a vault guard
 16884 | D:13     | Noticed a vault guard
 16884 | D:13     | Noticed a vault guard
 16885 | D:13     | Noticed a vault guard
 16895 | D:13     | Killed a vault guard
 16901 | D:13     | Noticed a seven-headed hydra
 16905 | D:13     | a vault guard (ally) was killed
 16907 | D:13     | a vault guard (ally) was killed
 16910 | D:13     | Killed a centaur warrior
 16913 | D:13     | a vault guard (ally) was killed
 17299 | D:13     | Noticed Maurice
 17389 | D:13     | Killed Maurice
 17539 | D:13     | Killed a seven-headed hydra
 17622 | D:13     | Noticed an ogre mage
 17644 | D:13     | Killed an ogre mage
 17908 | D:14     | Reached skill level 20 in Hexes
 18940 | D:15     | Entered Level 15 of the Dungeon
 18998 | D:15     | Reached XP level 13. HP: 79/79 MP: 19/19
 19079 | D:15     | Noticed a centaur warrior
 19084 | D:15     | Killed a centaur warrior
 19181 | D:15     | Noticed a seven-headed hydra
 19193 | D:15     | Killed a seven-headed hydra
 19208 | D:15     | Noticed a centaur warrior
 19217 | D:15     | Killed a centaur warrior
 19219 | D:15     | Found a staircase to the Depths.
 19219 | D:15     | Noticed a yaktaur captain
 19221 | D:15     | Killed a yaktaur captain
 19344 | D:15     | Reached skill level 21 in Hexes
 19363 | D:15     | Learned a level 2 spell: Sure Blade
 19379 | D:15     | Found Rulog's General Store.
 19388 | D:15     | Bought a scroll of torment for 105 gold pieces
 20057 | Lair:1   | Noticed Joseph
 20070 | Lair:1   | Killed Joseph
 22024 | Lair:3   | Noticed Antondotnet's ghost (powerful DDFi)
 22072 | Lair:3   | Killed Antondotnet's ghost
 22178 | Lair:3   | Reached skill level 22 in Hexes
 22265 | Lair:3   | Found a hole to the Spider Nest.
 22549 | Lair:3   | Noticed Fannar
 22561 | Lair:3   | Killed Fannar
 22561 | Lair:3   | Reached skill level 5 in Dodging
 23283 | Lair:4   | Reached XP level 14. HP: 85/85 MP: 20/20
 23671 | Lair:4   | Found a staircase to the Swamp.
 25220 | Lair:6   | Found a staircase to the Slime Pits.
 25220 | Lair:6   | Found a viscous altar of Jiyva.
 26437 | Lair:7   | Reached skill level 23 in Hexes
 26500 | Lair:7   | Noticed Snorg
 26501 | Lair:7   | Killed Snorg
 27139 | Lair:8   | Entered Level 8 of the Lair of Beasts
 28228 | Lair:8   | Slain by a giant leech

Action                   |  1- 3 |  4- 6 |  7- 9 | 10-12 | 13-15 || total
-------------------------+-------+-------+-------+-------+-------++-------
Melee: Dagger            |    86 |   136 |   256 |       |       ||   478
       Rapier            |       |       |   120 |   954 |  1324 ||  2398
 Cast: Corona            |     6 |       |       |       |     2 ||     8
       Ensorcelled Hiber |    11 |    45 |   113 |    91 |   127 ||   387
       Confuse           |       |     1 |    10 |    34 |    20 ||    65
       Enslavement       |       |       |       |    17 |    21 ||    38
       Apportation       |       |       |       |     1 |       ||     1
 Abil: End Transformatio |       |       |       |     2 |       ||     2
       Bat Form          |       |       |       |     2 |       ||     2
Evoke: Wand              |       |       |       |     8 |       ||     8
  Use: Potion            |       |     4 |     4 |    28 |    18 ||    54
       Scroll            |       |     9 |    19 |     9 |    18 ||    55
 Stab: Sleeping          |    15 |    33 |    95 |   134 |   156 ||   433
       Confused          |       |     2 |     9 |    35 |    14 ||    60
       Distracted        |       |     1 |     3 |     5 |     9 ||    18
       Betrayed ally     |       |       |       |     1 |       ||     1
       Invisible         |       |       |       |     3 |       ||     3
  Eat: Corpse            |       |       |     2 |     2 |     1 ||     5
